 Dungeon Crawl Stone Soup version 0.25.0-15-gac7dcb8919 (webtiles) character file.

Game seed: 14630751146999926310

267 nikku the Grasshopper (level 6, -1/50 HPs)
             Began as a Gnoll Warper on June 28, 2020.
             Killed by nerve-wracking pain
             ... invoked by an orc priest
              (13 damage)
             ... on level 3 of the Dungeon.
             The game lasted 00:12:25 (4115 turns).

nikku the Grasshopper (Gnoll Warper)                Turns: 4115, Time: 00:12:26

Health: -1/50      AC: 10    Str: 15    XL:     6   Next: 21%
Magic:  13/13      EV:  8    Int: 15    God:
Gold:   173        SH: 12    Dex: 15    Spells: 13/15 levels left

rFire    . . .     SeeInvis .   a - +1 hand axe
rCold    . . .     Gourm    .   h - +0 kite shield
rNeg     . . .     Faith    .   c - +0 ring mail
rPois    .         Spirit   .   u - +1 hat
rElec    .         Reflect  +   (no cloak)
rCorr    .         Harm     .   (no gloves)
MR       .....                  (no boots)
Stlth    +.........             l - amulet of reflection
HPRegen  0.16/turn              j - +4 ring of protection
MPRegen  0.13/turn              (no ring)

@: heavily drained
A: distributed training, fangs 1, strong nose
a: no special abilities


You were on level 3 of the Dungeon.
You were hungry.

You visited 1 branch of the dungeon, and saw 4 of its levels.

You collected 173 gold pieces.

Inventory:

Hand Weapons
 a - a +1 hand axe (weapon)
Missiles
 e - 5 boomerangs of dispersal (quivered)
Armour
 c - a +0 ring mail (worn)
 h - a +0 kite shield (worn)
 m - a +0 plate armour
 q - a +0 chain mail
 s - a +0 scale mail
 u - a +1 hat (worn)
Jewellery
 j - a +4 ring of protection (left hand)
 l - an amulet of reflection (around neck)
Wands
 o - a wand of acid (10)
Scrolls
 d - 2 scrolls of blinking
 k - 4 scrolls of remove curse
 t - 3 scrolls of magic mapping
Potions
 b - a potion of brilliance
 n - a potion of mutation {unknown}
 p - a potion of invisibility {unknown}
 r - a potion of might {unknown}
Comestibles
 f - 5 rations


   Skills:
 + Level 4.9(2.5) Fighting
 + Level 1.8(0.0) Short Blades
 + Level 1.8(0.0) Long Blades
 + Level 4.9(2.5) Axes
 + Level 1.8(0.0) Maces & Flails
 + Level 1.8(0.0) Polearms
 + Level 1.8(0.0) Staves
 + Level 1.8(0.0) Slings
 + Level 1.8(0.0) Bows
 + Level 1.8(0.0) Crossbows
 + Level 3.1(0.8) Throwing
 + Level 3.1(0.8) Armour
 + Level 4.9(2.5) Dodging
 + Level 1.8(0.0) Stealth
 + Level 1.8(0.0) Shields
 + Level 1.8(0.0) Unarmed Combat
 + Level 5.3(2.8) Spellcasting
 + Level 1.4(0.0) Conjurations
 + Level 1.4(0.0) Hexes
 + Level 1.4(0.0) Charms
 + Level 1.4(0.0) Summonings
 + Level 1.4(0.0) Necromancy
 + Level 5.6(3.1) Translocations
 + Level 1.4(0.0) Transmutations
 + Level 1.4(0.0) Fire Magic
 + Level 1.4(0.0) Ice Magic
 + Level 1.4(0.0) Air Magic
 + Level 1.4(0.0) Earth Magic
 + Level 1.4(0.0) Poison Magic
 + Level 2.0(0.0) Invocations
 + Level 1.8(0.0) Evocations


You had 13 spell levels left.
You knew the following spells:

 Your Spells              Type           Power        Failure   Level  Hunger
a - Blink                 Tloc           N/A          75%         2    ##.....

Your spell library contained the following spells:

 Spells                   Type           Power        Failure   Level  Hunger
 Shroud of Golubria       Chrm/Tloc      #.....       92%         2    ##.....
 Gell's Gravitas          Tloc           ##........   93%         3    ###....
 Lesser Beckoning         Tloc           ##........   93%         3    ###....
 Teleport Other           Tloc           ##......     93%         3    ###....
 Passage of Golubria      Tloc           N/A          100%        4    #####..


Dungeon Overview and Level Annotations

Branches:
Dungeon (4/15)
 Temple: D:4-7

Altars:
Ashenzari
Fedhas
Qazlal
Uskayaw

Annotations:
D:4 3 runed translucent doors, IHuginn's ghost, amateur DsGl


Innate Abilities, Weirdness & Mutations

Your experience applies equally to all skills.
You have very sharp teeth.
Your uncanny sense of smell can sniff out nearby items.


Message History

You feel drained.
Your shield prevents you from hitting the orc priest.
You bite the orc priest, but do no damage.
The orc priest is moderately wounded.
The orc priest calls down the wrath of Beogh upon you.
Beogh smites you!
* * * LOW HITPOINT WARNING * * *
You closely miss the orc priest.
The orc priest is moderately wounded.
You block the orc priest's attack.
You hit the orc priest but do no damage.
The orc priest is moderately wounded.
The orc priest invokes the aid of Beogh against you.
Pain shoots through your body!
* * * LOW HITPOINT WARNING * * *
You hit the orc priest but do no damage.
The orc priest is moderately wounded.
The orc priest calls down the wrath of Beogh upon you.
Pain shoots through your body!
You die...

######.#.......#
.......####)##.#
######.###..##.#
...............#
######.###########
#................######
#.####.#..............#
#.####+#.#######o####.#
#.#.......# #@# #.#
#.#....<.^# #)# #.#
#.#.......# #.# #.#
#.######..######.# #.#
#.# #.........# #.# #.#
#...##########.##
#.######............(..#
.......#......##########
#.####.#..#.#........#


You could see an orc priest.

Vanquished Creatures
  A hound (D:4)
  A centaur skeleton (D:3)
  Jessica (D:2)
  A worker ant (D:4)
  A hound zombie (D:2)
  3 gnolls (D:2)
  2 adders (D:3)
  A worm (D:2)
  A dart slug (D:2)
  3 leopard geckos
  10 orcs
  3 giant cockroaches
  6 hobgoblins
  7 jackals
  A quokka (D:2)
  A ball python (D:3)
  11 bats
  6 frilled lizards
  7 goblins
  9 kobolds
  9 rats
85 creatures vanquished.

Notes
Turn   | Place    | Note
-------+----------+-------------------------------------------
     0 | D:1      | nikku the Gnoll Warper began the quest for the Orb.
     0 | D:1      | Reached XP level 1. HP: 20/20 MP: 6/6
   209 | D:1      | Reached XP level 2. HP: 26/26 MP: 7/7
  1172 | D:2      | Reached XP level 3. HP: 31/31 MP: 9/9
  1331 | D:2      | Reached skill level 5 in Spellcasting
  1425 | D:2      | Reached skill level 1 in Invocations
  1440 | D:2      | Reached skill level 1 in Short Blades
  1440 | D:2      | Reached skill level 1 in Long Blades
  1440 | D:2      | Reached skill level 1 in Maces & Flails
  1440 | D:2      | Reached skill level 1 in Polearms
  1440 | D:2      | Reached skill level 1 in Staves
  1440 | D:2      | Reached skill level 1 in Slings
  1440 | D:2      | Reached skill level 1 in Bows
  1440 | D:2      | Reached skill level 1 in Crossbows
  1440 | D:2      | Reached skill level 1 in Stealth
  1440 | D:2      | Reached skill level 1 in Shields
  1440 | D:2      | Reached skill level 1 in Unarmed Combat
  1440 | D:2      | Reached skill level 1 in Evocations
  1440 | D:2      | Reached XP level 4. HP: 5/38 MP: 11/11
  2077 | D:2      | Found a hide-covered altar of Uskayaw.
  2203 | D:2      | Found a blossoming altar of Fedhas.
  2329 | D:2      | Reached skill level 1 in Conjurations
  2329 | D:2      | Reached skill level 1 in Hexes
  2329 | D:2      | Reached skill level 1 in Charms
  2329 | D:2      | Reached skill level 1 in Summonings
  2329 | D:2      | Reached skill level 1 in Necromancy
  2329 | D:2      | Reached skill level 1 in Transmutations
  2329 | D:2      | Reached skill level 1 in Fire Magic
  2329 | D:2      | Reached skill level 1 in Ice Magic
  2329 | D:2      | Reached skill level 1 in Air Magic
  2329 | D:2      | Reached skill level 1 in Earth Magic
  2329 | D:2      | Reached skill level 1 in Poison Magic
  2447 | D:2      | Noticed Jessica
  2451 | D:2      | Killed Jessica
  2451 | D:2      | Reached XP level 5. HP: 43/43 MP: 12/12
  2613 | D:3      | Learned a level 2 spell: Blink
  2682 | D:3      | Found a stormy altar of Qazlal.
  2874 | D:3      | Found a shattered altar of Ashenzari.
  3429 | D:4      | Found a runed translucent gate.
  3429 | D:4      | Found a runed translucent gate.
  3429 | D:4      | Noticed IHuginn's ghost (amateur DsGl)
  3430 | D:4      | Found a runed translucent gate.
  3531 | D:4      | Reached XP level 6. HP: 46/50 MP: 13/13
  4115 | D:3      | Killed from afar by an orc priest

Illustrated notes

Levels and vault maps discovered:
D:1:      evilmike_arrival_fibonacci_small, layout_loops_ring
D:2:      minmay_door_path, layout_loops_corners, lemuel_crystal_altar,
          eat_drink_and_be_merry_uskayaw, uniq_jessica
D:3:      layout_basic, grunt_qazlal_clouds, lemuel_crystal_altar
D:4:      layout_loops_ring, lemuel_crystal_altar, first_ration, serial_shops,
          nicolae_shop_trees, gammafunk_ghost_split, patterned_corridor

Skill      XL: |  1  2  3  4  5 |
---------------+----------------+-----
Spellcasting   | 5 |  5.3
Invocations    | 1 2 |  2.0
Short Blades   | 1 |  1.8
Long Blades    | 1 |  1.8
Maces & Flails | 1 |  1.8
Polearms       | 1 |  1.8
Staves         | 1 |  1.8
Slings         | 1 |  1.8
Bows           | 1 |  1.8
Crossbows      | 1 |  1.8
Stealth        | 1 |  1.8
Shields        | 1 |  1.8
Unarmed Combat | 1 |  1.8
Evocations     | 1 |  1.8
Conjurations   | 1 |  1.4
Hexes          | 1 |  1.4
Charms         | 1 |  1.4
Summonings     | 1 |  1.4
Necromancy     | 1 |  1.4
Transmutations | 1 |  1.4
Fire Magic     | 1 |  1.4
Ice Magic      | 1 |  1.4
Air Magic      | 1 |  1.4
Earth Magic    | 1 |  1.4
Poison Magic   | 1 |  1.4
Throwing       | 3 |  3.1
Armour         | 3 |  3.1
Fighting       | |  4.9
Axes           | |  4.9
Dodging        | |  4.9
Translocations | |  5.6

Action                   |  1- 3 |  4- 6 || total
-------------------------+-------+-------++-------
Melee: Hand axe          |   128 |   208 ||   336
       Bite              |    18 |    30 ||    48
  Use: Scroll            |     4 |     4 ||     8
       Potion            |       |     2 ||     2
  Eat: Chunk             |     2 |     8 ||    10
Armor: Leather armour    |    15 |       ||    15
       Ring mail         |    15 |    54 ||    69
Dodge: Dodged            |    62 |    58 ||   120
Block: Kite shield       |    66 |   111 ||   177
       Reflection        |     4 |       ||     4
